 Dungeon Crawl Stone Soup version 0.27-a0-1232-gc6a4cbde82 (webtiles) character file.

Game seed: 15016526240495847332

122 mordus the Cudgeller (level 4, -8/44 HPs)
             Began as a Troll Monk on June 8, 2021.
             Mangled by Pikel
             ... wielding a +1 whip of freezing
              (10 damage)
             ... on level 3 of the Dungeon.
             The game lasted 00:03:11 (2216 turns).

mordus the Cudgeller (Troll Monk)                   Turns: 2216, Time: 00:03:12

Health: -8/44      AC:  4    Str: 19    XL:     4   Next: 78%
Magic:  3/3        EV: 10    Int:  6    God:
Gold:   98         SH:  0    Dex: 13    Spells: 3/3 levels left

rFire    + . .     SeeInvis .   a - +0 mace
rCold    + . .     Faith    .   (no shield)
rNeg     . . .     Spirit   .   b - +0 robe
rPois    +         Reflect  .   (helmet restricted)
rElec    +         Harm     .   (no cloak)
rCorr    +         Rampage  .   (gloves unavailable)
Will     .....                  (boots unavailable)
Stlth    ++........             (no amulet)
HPRegen  1.14/turn              (no ring)
MPRegen  0.08/turn              (no ring)

@: resistant
A: large, unfitting armour, claws 3, regeneration 1, shaggy fur 1, tough skin 1
a: no special abilities


You were on level 3 of the Dungeon.
You visited 1 branch of the dungeon, and saw 4 of its levels.

You collected 98 gold pieces.

Inventory:

Hand Weapons
 a - a +0 mace (weapon)
Armour
 b - a +0 robe (worn)
Scrolls
 c - a scroll of enchant armour {unknown}
 g - a scroll of acquirement {unknown}
 h - a scroll of vulnerability {unknown}
 k - a scroll of teleportation {unknown}
Potions
 e - a potion of attraction {unknown}
 f - a potion of curing {unknown}
 i - a potion of cancellation {unknown}
 j - a potion of haste {unknown}
 l - 2 potions of flight {unknown}


   Skills:
 - Level 2.4 Fighting
 + Level 5.1 Maces & Flails
 - Level 2.4 Dodging
 - Level 1.0 Stealth


You had 3 spell levels left.
You didn't know any spells.
Your spell library was empty.

Dungeon Overview and Level Annotations

Branches:
Dungeon (4/15)
 Temple: D:4-7

Altars:
Kikubaaqudgha
Qazlal

Annotations:
D:3 4 runed translucent doors, Crazy Yiuf; NateTC's ghost, amateur OpFi; Pikel


Innate Abilities, Weirdness & Mutations

You are too large for most types of armour.
You have claws for hands.
Your natural rate of healing is unusually fast.
You are covered in fur. (AC +1)
You have tough skin. (AC +1)


Message History

Pikel hits you with a +1 whip of freezing!
Pikel freezes you. The lemure closely misses you.
There is a stone staircase leading up here.
Unknown command.
The hobgoblin shouts!
Pikel closely misses you. The lemure hits you.
You climb upwards.
Level annotation: 4 runed translucent doors, Crazy Yiuf; NateTC's ghost, amateur OpFi
There is a stone staircase leading down, spattered with blood here.
You barely miss Pikel.
Pikel hits you with a +1 whip of freezing.
Pikel freezes you. The lemure hits you. Pikel closely misses you.
You closely miss Pikel. The lemure hits you.
Pikel hits you with a +1 whip of freezing!
Pikel freezes you.
You hit Pikel.
Pikel is lightly wounded.
The lemure hits you!
* * * LOW HITPOINT WARNING * * *
Pikel closely misses you.
You barely miss Pikel.
Pikel is lightly wounded.
The lemure hits you but does no damage.
Pikel hits you with a +1 whip of freezing.
* * * LOW HITPOINT WARNING * * *
Pikel freezes you.
* * * LOW HITPOINT WARNING * * *
You closely miss Pikel.
Pikel is lightly wounded.
The lemure closely misses you.
Pikel hits you with a +1 whip of freezing.
* * * LOW HITPOINT WARNING * * *
Pikel freezes you.
* * * LOW HITPOINT WARNING * * *
The lemure hits you.
* * * LOW HITPOINT WARNING * * *
It was a potion of resistance.
You feel protected.
Pikel hits you with a +1 whip of freezing!
You die...

##.## #.# ####.# #.# #.#..##.###
##.# #.# #....# #.###.#..##.# #
##.# #.###.##.# #........##.# #
##'## #........# #####.......# #
#.[.## #####.#### ###.#####
.....## #.# #.## # ......## ##.##
#..## ##
.......####...###########...####.
.......'.......K@5.............'.
.......#.##....##########...####.
......##.###.#.# #..## ##
.....###.# #...# #.## # #...##
#.# ###.# #.# ##'## #.# #.#
###.### ...#####.#####.# ##.....#
##.#...........# #....#.#
.........###.#.# #....#.#


You could see Pikel and a lemure.

Vanquished Creatures
  A lemure (D:3)
  3 adders (D:3)
  3 gnolls (D:3)
  A worm (D:2)
  A dart slug (D:1)
  An orc (D:3)
  6 bats
  7 endoplasms
  3 giant cockroaches
  5 goblins (D:1)
  12 hobgoblins
  2 quokkas
  3 ball pythons
  3 frilled lizards
  3 kobolds
  4 rats
58 creatures vanquished.

Notes
Turn   | Place    | Note
-------+----------+-------------------------------------------
     0 | D:1      | mordus the Troll Monk began the quest for the Orb.
     0 | D:1      | Reached XP level 1. HP: 22/22 MP: 0/0
    36 | D:1      | Reached skill level 3 in Maces & Flails
   103 | D:1      | Found a faded altar of an unknown god.
   206 | D:1      | Reached XP level 2. HP: 25/29 MP: 1/1
   377 | D:1      | Reached XP level 3. HP: 36/36 MP: 2/2
   809 | D:1      | Reached skill level 4 in Maces & Flails
  1143 | D:2      | You fall into a shaft and drop 1 floor!
  1186 | D:3      | Reached XP level 4. HP: 27/44 MP: 3/3
  1389 | D:3      | Found a stormy altar of Qazlal.
  1646 | D:3      | Found a runed translucent door.
  1647 | D:3      | Noticed Crazy Yiuf
  1920 | D:3      | Found a runed translucent gate.
  1935 | D:3      | Reached skill level 5 in Maces & Flails
  1979 | D:3      | Found a runed translucent gate.
  1980 | D:3      | Found a runed translucent gate.
  2002 | D:3      | Noticed NateTC's ghost (amateur OpFi)
  2141 | D:4      | Noticed a lemure
  2142 | D:4      | Noticed a lemure
  2144 | D:4      | Found an ancient bone altar of Kikubaaqudgha.
  2144 | D:4      | Noticed a lemure
  2144 | D:4      | Noticed Pikel
  2145 | D:4      | Noticed a lemure
  2173 | D:3      | Killed a lemure
  2215 | D:3      | HP: 1/44 [lemure[Pikel] (2)]
  2216 | D:3      | Mangled by Pikel

Illustrated notes

Levels and vault maps discovered:
D:1:      minmay_arrival_three_doors, layout_loops_ring,
          shapermc_ecumenical_altar_mp_highgroup, kennysheep_boxes
D:2:      cheibrodos_pilgrimage, layout_basic
D:3:      layout_loops_corners, nicolae_qazlal_scattered_showers,
          gammafunk_ghost_split, kennysheep_generic_room_8,
          uniq_crazy_yiuf_cottage
D:4:      layout_basic, lemuel_crystal_altar, uniq_pikel, uniq_menkaure,
          uniq_duvessa

Skill      XL: |  1  2  3  4 |
---------------+-------------+-----
Maces & Flails | 3 4 5 |  5.1
Fighting       | |  2.4
Dodging        | |  2.4
Stealth        | |  1.0

Action                   |  1- 3 |  4- 6 || total
-------------------------+-------+-------++-------
Melee: Mace              |   164 |    73 ||   237
  Use: Potion            |       |     1 ||     1
 Stab: Sleeping          |     1 |     2 ||     3
Armor: Robe              |    76 |    30 ||   106
Dodge: Dodged            |   112 |    36 ||   148

Table legend: (Time is in decaauts)
 A = Elapsed time spent in this place.
 B = Non-inter-level travel time spent in this place.
 C = Inter-level travel time spent in this place.
 D = Time resting spent in this place.
 E = Time spent auto-exploring this place.
 F = Levels seen in this place.
 G = Mean time per level.
                   A        B        C        D        E       F      G
               +--------+--------+--------+--------+--------+-----+--------+
         Total |   2263 |   2188 |     75 |     73 |   1610 |   4 |  565.8 |
       Dungeon |   2263 |   2188 |     75 |     73 |   1610 |   4 |  565.8 |
               +--------+--------+--------+--------+--------+-----+--------+

Top non-repeatable levels by time:
     D:3: 1071 daAuts
     D:1: 868 daAuts
     D:2: 307 daAuts
     D:4: 15 daAuts
